 Dungeon Crawl Stone Soup version 0.24.1-4-ge52af88ad5 (webtiles) character file.

Game seed: 8300465572241602130, levelgen mode: deterministic

5584 Peloso the Carver (level 10, -1/84 HPs)
             Began as a Minotaur Fighter on Apr 20, 2020.
             Was a High Priest of Okawaru.
             Killed from afar by a steam dragon (10 damage)
             ... with a ball of steam
             ... on level 9 of the Dungeon.
             The game lasted 00:28:18 (9232 turns).

Peloso the Carver (Minotaur Fighter)                Turns: 9232, Time: 00:28:19

Health: -1/84      AC: 17    Str: 23    XL:     10   Next: 45%
Magic:  10/10      EV:  5    Int:  5    God:    Okawaru [*****.]
Gold:   549        SH: 18    Dex: 11    Spells: 9/9 levels left

rFire    x . .     SeeInvis .   a - +0 long sword (elec)
rCold    + . .     Gourm    .   c - +0 large shield
rNeg     . . .     Faith    +   E - +0 plate armour (curse)
rPois    .         Spirit   .   (helmet restricted)
rElec    .         Reflect  .   H - +0 cloak
rCorr    .         Harm     .   y - +0 pair of gloves
MR       .....                  (no boots)
Stlth    ..........             r - amulet of faith
HPRegen  0.24/turn              D - ring of ice
MPRegen  0.12/turn              G - ring of stealth

@: lethally poisoned (-1 -> -3)
A: retaliatory headbutt, horns 2
a: Heroism, Finesse, Renounce Religion


You were on level 9 of the Dungeon.
You worshipped Okawaru.
Okawaru was extremely pleased with you.
You were not hungry.

You visited 2 branches of the dungeon, and saw 10 of its levels.
You also visited: Sewer.

You collected 549 gold pieces.

Inventory:

Hand Weapons
 a - a +0 long sword of electrocution (weapon)
 b - a +2 falchion of holy wrath
Armour
 c - a +0 large shield (worn)
 y - a +0 pair of gloves (worn)
 E - a cursed +0 plate armour (worn)
 H - a +0 cloak (worn)
Jewellery
 r - an amulet of faith (around neck)
 D - a ring of ice (left hand)
 G - a ring of stealth (right hand)
 K - an uncursed amulet of the acrobat {unknown}
 N - an uncursed amulet of guardian spirit {unknown}
Wands
 v - a wand of acid (12)
 w - a wand of paralysis (5)
 J - a wand of flame (15)
Scrolls
 e - 6 scrolls of remove curse {unknown}
 g - a scroll of blinking {unknown}
 h - 3 scrolls of enchant weapon {unknown}
 i - 2 scrolls of magic mapping {unknown}
 j - 4 scrolls of fog {unknown}
 k - a scroll of immolation {unknown}
 l - 2 scrolls of fear
 m - a scroll of identify
 q - a scroll of amnesia {unknown}
 t - 6 scrolls of teleportation
 I - 2 scrolls of random uselessness {unknown}
 M - 2 scrolls of enchant armour {unknown}
Potions
 d - 3 potions of heal wounds
 n - a potion of ambrosia
 o - a potion of magic
 p - 2 potions of haste {unknown}
 s - 4 potions of flight
 u - a potion of brilliance {unknown}
 x - a potion of cancellation {unknown}
 z - 2 potions of curing {unknown}
 A - a potion of berserk rage {unknown}
 B - a potion of agility {unknown}
 C - 2 potions of might
 F - a potion of resistance {unknown}
Comestibles
 f - 16 rations
 L - a chunk of flesh


   Skills:
 + Level 6.7 Fighting
 + Level 11.0 Long Blades
 + Level 9.6 Armour
 + Level 1.9 Dodging
 + Level 0.9 Stealth
 + Level 10.9 Shields
 + Level 0.4 Invocations
 + Level 1.5 Evocations


You had 9 spell levels left.
You didn't know any spells.
Your spell library contained the following spells:

 Spells                   Type           Power        Failure   Level  Hunger
 Corona                   Hex            #......      100%        1    ##.....
 Slow                     Hex            #.......     100%        2    ###....
 Inner Flame              Hex/Fire       #.......     100%        3    ####...
 Portal Projectile        Hex/Tloc       #.....       100%        3    ####...
 Cause Fear               Hex            #.........   100%        4    #####..
 Leda's Liquefaction      Hex/Erth       #.........   100%        4    #####..


Dungeon Overview and Level Annotations

Branches:
Dungeon (9/15)             Temple (1/1) D:6           Sewer (visited)
   Lair: D:8-11         Orc: D:9-12

Altars:
Ashenzari
Cheibriados
Dithmenos
Elyvilon
Fedhas
Gozag
Hepliaklqana
Kikubaaqudgha
Nemelex Xobeh
Okawaru
Qazlal
Ru
Sif Muna
Trog
Uskayaw
Vehumet
Wu Jian
Xom
Yredelemnul
Zin
The Shining One
Lugonu

Shops:
D:8 =


Innate Abilities, Weirdness & Mutations

You reflexively headbutt those who attack you in melee.
You have a pair of horns on your head.


Message History

The steam dragon is moderately wounded.
The steam dragon breathes steam at you. The ball of steam hits you.
The steam scalds you terribly!
You hit the steam dragon but do no damage.
You headbutt the steam dragon!
The steam dragon is severely wounded.
You are engulfed in a cloud of scalding steam.
* * * LOW HITPOINT WARNING * * *
You feel sick.
A black bear comes into view.
The steam dragon barely misses you. You block the steam dragon's attack.
You hit the steam dragon.
Lightning courses through the steam dragon!
Your headbutt misses the steam dragon.
The steam dragon is almost dead.
You are engulfed in a cloud of scalding steam.
* * * LOW HITPOINT WARNING * * *
The steam dragon breathes steam at you. The ball of steam hits you!
The steam scalds you terribly!
You die...

.......#.. ##.....
........... .#......
.....[.... .............
.h.................(....
#........#.............<
#.......##.............
#......##.............
##....§§§#.............
#....D@§§§......>......
........§§§..........#..
..........§..........#.#
......................##
..........###........##
.........## #..#..>.##
##.!....## #########
##..##.# ## ##


You could see a steam dragon and a black bear.

Vanquished Creatures
  2 two-headed ogres
  A hornet (D:9)
  4 hogs (D:7)
  A human (D:7)
  A redback simulacrum (D:9)
  2 hungry ghosts
  A water moccasin (D:6)
  3 ice beasts
  An orc warrior (D:7)
  2 phantoms
  2 sky beasts (D:6)
  A necrophage (D:6)
  3 ogres
  A crocodile (D:8)
  5 bullfrogs
  A scorpion (D:7)
  3 wights (D:8)
  2 electric eels (D:3)
  A jelly (D:8)
  6 crimson imps
  A quasit (D:6)
  5 orc wizards
  5 orc priests
  3 hounds
  Crazy Yiuf (D:2)
  A centaur skeleton (D:5)
  An iguana (D:5)
  2 merfolk sirens (Sewer)
  2 worker ants
  A merfolk avatar (Sewer)
  A worker ant zombie (D:8)
  Robin (D:3)
  3 gnolls (D:4)
  2 howler monkey skeletons
  4 river rats (Sewer)
  16 adders
  2 shadow imps
  5 worms
  3 adder skeletons
  2 dart slugs
  2 leopard geckos
  28 orcs
  7 giant cockroaches
  15 goblins
  4 hobgoblins
  3 jackals (D:6)
  3 kobolds
  3 quokkas
  5 ball pythons
  5 bats
  12 frilled lizards
  A jackal zombie (D:4)
  2 leopard gecko skeletons
  26 rats
220 creatures vanquished.

Notes
Turn   | Place    | Note
-------+----------+-------------------------------------------
     0 | D:1      | Peloso the Minotaur Fighter began the quest for the Orb.
     0 | D:1      | Reached XP level 1. HP: 19/19 MP: 0/0
   138 | D:1      | Reached XP level 2. HP: 26/27 MP: 1/1
   940 | D:2      | Reached XP level 3. HP: 14/33 MP: 2/2
  1487 | D:2      | Found a transporter.
  1490 | D:2      | Noticed a bullfrog
  1491 | D:2      | Found a transporter.
  1504 | D:2      | Found a shimmering blue altar of Sif Muna.
  1504 | D:2      | Found a hazy altar of Hepliaklqana.
  1541 | D:2      | Reached skill level 3 in Long Blades
  1633 | D:2      | Found a runed translucent door.
  1634 | D:2      | Noticed Crazy Yiuf
  1658 | D:2      | Reached XP level 4. HP: 30/40 MP: 3/3
  1804 | D:3      | Found a sacrificial altar of Ru.
  1835 | D:3      | Noticed Robin
  1841 | D:3      | Killed Robin
  1841 | D:3      | Reached skill level 5 in Shields
  1910 | D:3      | Reached XP level 5. HP: 17/46 MP: 4/4
  1926 | D:3      | Found a transporter.
  1936 | D:3      | Found a transporter.
  1958 | D:3      | Found a glowing drain.
  2061 | Sewer    | Entered a sewer
  2238 | Sewer    | Reached skill level 4 in Long Blades
  2809 | Sewer    | Reached skill level 5 in Armour
  2809 | Sewer    | Reached XP level 6. HP: 36/53 MP: 5/5
  3141 | D:3      | Found a basalt altar of Yredelemnul.
  3144 | D:3      | Found a shadowy altar of Dithmenos.
  3147 | D:3      | Found a sparkling altar of Nemelex Xobeh.
  3150 | D:3      | Found an opulent altar of Gozag.
  3492 | D:3      | Found a snail-covered altar of Cheibriados.
  3745 | D:4      | Reached skill level 5 in Long Blades
  4299 | D:4      | Reached XP level 7. HP: 33/60 MP: 6/6
  4618 | D:4      | Reached skill level 6 in Long Blades
  5328 | D:5      | Entered Level 5 of the Dungeon
  5441 | D:5      | Reached XP level 8. HP: 67/67 MP: 7/7
  5463 | D:5      | Reached skill level 7 in Long Blades
  5913 | D:6      | Reached skill level 5 in Fighting
  6114 | D:6      | Found an ancient bone altar of Kikubaaqudgha.
  6114 | D:6      | Found a blossoming altar of Fedhas.
  6158 | D:6      | Reached skill level 1 in Dodging
  6192 | D:6      | Found a staircase to the Ecumenical Temple.
  6300 | Temple   | Entered the Ecumenical Temple
  6317 | Temple   | Became a worshipper of Warmaster Okawaru
  6515 | D:6      | Reached skill level 8 in Long Blades
  7205 | D:7      | Reached * piety under Okawaru
  7205 | D:7      | Reached XP level 9. HP: 64/74 MP: 8/8
  7284 | D:7      | Found an ornate altar of the Wu Jian Council.
  7815 | D:7      | Reached skill level 9 in Long Blades
  7835 | D:7      | Reached ** piety under Okawaru
  8141 | D:2      | Killed Crazy Yiuf
  8532 | D:8      | Found Qauh's Jewellery Emporium.
  8607 | D:8      | Reached skill level 10 in Shields
  8725 | D:8      | Reached skill level 10 in Long Blades
  8984 | D:8      | Reached *** piety under Okawaru
  8984 | D:8      | Reached skill level 1 in Evocations
  9007 | D:8      | Noticed a two-headed ogre
  9015 | D:8      | Killed a two-headed ogre
  9015 | D:8      | Reached **** piety under Okawaru
  9015 | D:8      | Reached XP level 10. HP: 84/84 MP: 6/9
  9078 | D:8      | Found a glowing silver altar of Zin.
  9078 | D:8      | Found a glowing golden altar of the Shining One.
  9078 | D:8      | Found a white marble altar of Elyvilon.
  9169 | D:9      | Noticed a two-headed ogre
  9176 | D:9      | Killed a two-headed ogre
  9226 | D:9      | Reached ***** piety under Okawaru
  9226 | D:9      | Reached skill level 11 in Long Blades
  9232 | D:9      | Killed from afar by a steam dragon

Levels and vault maps discovered:
D:1:      minmay_arrival_stone_box, layout_loops_ring, minmay_tree_intersection
D:2:      layout_rooms, gammafunk_temple_overflow_arena, uniq_crazy_yiuf_cottage
D:3:      gammafunk_steamed_eel, layout_loops_ring,
          grunt_temple_overflow_cloverleaf, marbit_many_paths,
          cheibrodos_sewer_entry_drain, nicolae_ru_path_of_blood, uniq_robin
D:4:      kennysheep_spiral_hall, layout_basic
D:5:      layout_rooms, first_ration
D:6:      layout_loops_cross, grunt_temple_overflow_growth_and_decay,
          minmay_temple_entry_nine_rooms, kennysheep_donut, chequers_avenue
D:7:      cheibrodos_quashed, layout_loops_corners, basic_altar, grunt_livestock
D:8:      layout_basic, good_gods_mini_temple, serial_shops, shop,
          grunt_tough_drop
D:9:      layout_cave_pools
Temple:   corrupted_temple

Skill      XL: |  1  2  3  4  5  6  7  8  9 10 |
---------------+-------------------------------+-----
Shields        | 4 5 6 7 8 10 | 10.9
Armour         | 4 5 6 7 9 |  9.6
Long Blades    | 3 4 5 6 8 10 11 | 11.0
Fighting       | 4 5 6 |  6.7
Dodging        | 1 |  1.9
Evocations     | 1 |  1.5
Stealth        | |  0.9
Invocations    | |  0.4

Action                   |  1- 3 |  4- 6 |  7- 9 | 10-12 || total
-------------------------+-------+-------+-------+-------++-------
Melee: Long sword        |    59 |   244 |   411 |    25 ||   739
       Headbutt          |     6 |    43 |    81 |     3 ||   133
Invok: Heroism           |       |       |     2 |     1 ||     3
Evoke: Wand              |       |       |     4 |       ||     4
  Use: Potion            |     1 |     6 |       |       ||     7
       Scroll            |       |       |     4 |       ||     4
  Eat: Chunk             |     2 |     9 |    18 |     1 ||    30
Armor: Chain mail        |    23 |   137 |    92 |       ||   252
       Scale mail        |     3 |       |       |       ||     3
       Plate armour      |       |       |    47 |     8 ||    55
Dodge: Dodged            |    15 |    43 |    48 |     4 ||   110
Block: Shield            |    49 |   113 |       |       ||   162
       Large shield      |       |    84 |   305 |    17 ||   406
       Rpst.: Long sword |     4 |     5 |    11 |     1 ||    21
